 Dungeon Crawl Stone Soup version 0.20-a0-642-g4ff03ff (console) character file.

13175 nht the Severer (level 12, -5/81 HPs)
             Began as a Formicid Fighter on Feb 14, 2017.
             Was a High Priest of Okawaru.
             Killed from afar by an ice statue (23 damage)
             ... with a shard of ice
             ... in an ice cave.
             The game lasted 00:16:31 (7594 turns).

nht the Severer (Formicid Fighter)                  Turns: 7594, Time: 00:16:31

Health: -5/81      AC: 12    Str: 21    XL:     12   Next: 29%
Magic:  16/16      EV:  5    Int: 11    God:    Okawaru [*****.]
Gold:   512        SH: 11    Dex: 21    Spells: 11/11 levels left

rFire    . . .     SeeInvis +   d - +5 battleaxe {drain, +Rage Str-3 Int+4 Dex+4}
rCold    . . .     Gourm    .   x - +0 chain mail {MR+}
rNeg     + . .     Faith    .   c - +1 shield
rPois    .         Spirit   .   (helmet unavailable)
rElec    .         Reflect  .   e - +2 cloak {MR+}
rCorr    .         Harm     .   (no gloves)
MR       ++++.                  (no boots)
Stlth    ..........             l - amulet of regeneration
Regen    0.7/turn               m - ring of Utteox {+Blink rN+ MR+ Str-3 Dex+3}
MPRegen  0.2/turn               s - +2 ring of dexterity

@: no status effects
A: permanent stasis, dig shafts and tunnels, four strong arms, antennae 3, fangs
1, thin skeletal structure 1
a: Dig, Shaft Self, Heroism, Finesse, Renounce Religion


You were in an ice cave.
You worshipped Okawaru.
Okawaru was extremely pleased with you.
You were not hungry.

You visited 3 branches of the dungeon, and saw 11 of its levels.
You also visited: Ice Cave.

You collected 512 gold pieces.

Inventory:

Hand Weapons
 a - a +1 war axe
 b - a +1 hand crossbow of flaming
 d - the +5 battleaxe "Tauhewky" (weapon) {drain, +Rage Str-3 Int+4 Dex+4}
   (Okawaru gifted it to you in an ice cave)

   A truly terrible weapon, it drains the life of those it strikes.
   It affects your strength (-3).
   It affects your intelligence (+4).
   It affects your dexterity (+4).
   It lets you go berserk.
 H - a +0 battleaxe
Missiles
 I - 73 bolts
Armour
 c - a +1 shield (worn)
 e - a +2 cloak of magic resistance (worn)
 x - a +0 chain mail of magic resistance (worn)
Jewellery
 l - an amulet of regeneration (around neck)
 m - the ring of Utteox (right hand) {+Blink rN+ MR+ Str-3 Dex+3}
   (You acquired it on level 9 of the Dungeon)

   [ring of protection from magic]

   It affects your strength (-3).
   It affects your dexterity (+3).
   It protects you from negative energy.
   It affects your resistance to hostile enchantments.
   It lets you blink.
 s - a +2 ring of dexterity (left hand)
Wands
 g - a wand of random effects (32/48)
 p - a wand of confusion (12/48)
 E - a wand of random effects (4/48)
 G - a wand of iceblast (0/15)
Scrolls
 j - 6 scrolls of identify
 k - a scroll of amnesia
 n - 3 scrolls of remove curse
 o - 2 scrolls of teleportation
 y - 2 scrolls of enchant weapon
 B - 2 scrolls of magic mapping
 F - a scroll of immolation
Potions
 q - 4 potions of mutation
 r - 3 potions of agility
 t - a potion of haste
 v - 2 potions of might
 w - 3 potions of flight
 z - 2 potions of resistance
 A - a potion of brilliance
 C - a potion of degeneration
 D - 3 potions of curing
Comestibles
 f - 5 bread rations
 h - 9 meat rations
 i - 19 royal jellies
 u - 11 fruits
 J - 35 chunks of flesh


   Skills:
 - Level 3.2 Fighting
 + Level 15.5 Axes
 + Level 8.2 Crossbows
 - Level 3.2 Armour
 - Level 3.6 Shields
 - Level 6.0 Invocations


You had 11 spell levels left.
You didn't know any spells.

Dungeon Overview and Level Annotations

Branches:
Dungeon (9/15)             Temple (1/1) D:6            Lair (1/6) D:8
    Orc: D:9-12

Altars:
Ashenzari
Cheibriados
Dithmenos
Elyvilon
Fedhas
Gozag
Hepliaklqana
Kikubaaqudgha
Makhleb
Nemelex Xobeh
Okawaru
Qazlal
Ru
Sif Muna
Trog
Uskayaw
Vehumet
Xom
Yredelemnul
Zin
The Shining One

Annotations:
IceCv exclusion: ice statue


Innate Abilities, Weirdness & Mutations

You cannot be hasted, slowed, berserked, paralysed or teleported.
You can dig through walls and to a lower floor.
Your four strong arms can wield two-handed weapons with a shield.
You have a pair of large antennae on your head. (SInv)
You have very sharp teeth.
You have a somewhat thin skeletal structure. (Dex +2, Stealth)


Message History

The ice statue gestures at you. The freezing blast hits you!
* * * LOW HITPOINT WARNING * * *
You hit the ice statue.
The ice statue is severely damaged.
You closely miss the ice beast.
The ice beast hits you but does no damage.
You slash the ice statue!
The ice statue is almost destroyed.
Your chain mail prevents you from hitting the ice beast.
You block the ice beast's attack. The ice statue gestures at you.
The bolt of cold hits you!
* * * LOW HITPOINT WARNING * * *
You slash the ice statue!
The ice statue is almost destroyed.
You slash the ice beast! You block the ice beast's attack.
The ice statue gestures at you. The shard of ice hits you!
You die...

█ █. ≈ ... ≈ ██..█ ≈██
███..█ ..██ ██8Y..███
.█.█ ██@YY....███ █.██
█.██.......███ ..█
████.█ ........██ .██
██..█.███ █.......█ .█
████.......███.......█
██
██...██........█.....██
.██
█..█...█............██
..█
█..██≈≈██..........██
█.█
██..██≈≈██.█....█.██


You could see an ice statue and 3 ice beasts.

Vanquished Creatures
  2 two-headed ogres
  The ghost of Messajah the Markscentaur, a novice CeHu of Okawaru (D:9)
  An elephant (D:8)
  Joseph (D:7)
  A komodo dragon (Lair:1)
  A troll (D:9)
  7 polar bears (IceCv)
  A queen bee (D:9)
  A hippogriff (D:9)
  Eustachio (D:5)
  24 yaks
  Sigmund (D:2)
  A water moccasin (Lair:1)
  2 sky beasts
  An eye of draining (D:8)
  3 ogres
  A phantom (D:6)
  3 centaurs
  2 crocodiles (D:8)
  4 wolves (IceCv)
  4 big kobolds
  3 bullfrogs
  3 scorpions
  19 killer bees
  4 wights
  5 howler monkeys
  2 bullfrog zombies (D:9)
  6 crimson imps
  A quasit (D:9)
  3 hounds
  5 orc priests
  Crazy Yiuf (D:2)
  A jelly (D:7)
  8 orc wizards
  Ijyb (D:3)
  2 iguanas
  Natasha (twice) (D:3)
  5 worker ants
  A hound skeleton (D:7)
  Robin (D:3)
  7 gnolls (D:9)
  9 adders
  2 shadow imps
  2 adder skeletons (D:7)
  5 worms
  A dart slug (D:3)
  6 leopard geckos
  36 orcs
  3 giant cockroaches
  18 goblins
  8 hobgoblins
  16 jackals
  5 quokkas
  9 bats
  4 frilled lizards
  A giant cockroach zombie (D:5)
  A jackal skeleton (D:5)
  20 kobolds
  2 leopard gecko zombies
  A quokka zombie (D:6)
  5 rats
297 creatures vanquished.

Notes
Turn   | Place    | Note
-------+----------+-------------------------------------------
     0 | D:1      | nht the Formicid Fighter began the quest for the Orb.
     0 | D:1      | Reached XP level 1. HP: 18/18 MP: 1/1
   164 | D:1      | Reached XP level 2. HP: 19/24 MP: 2/2
   353 | D:1      | Reached skill level 3 in Axes
   401 | D:2      | Reached XP level 3. HP: 24/29 MP: 3/3
   680 | D:2      | Noticed Sigmund
   692 | D:2      | Killed Sigmund
   692 | D:2      | Reached skill level 5 in Axes
   692 | D:2      | Reached XP level 4. HP: 32/35 MP: 4/4
   692 | D:2      | Reached XP level 5. HP: 38/41 MP: 5/5
   730 | D:2      | Found a runed door.
  1075 | D:2      | Noticed Crazy Yiuf
  1079 | D:2      | Killed Crazy Yiuf
  1079 | D:2      | Reached XP level 6. HP: 44/47 MP: 6/6
  1126 | D:3      | Reached skill level 6 in Axes
  1353 | D:3      | Noticed Ijyb
  1357 | D:3      | Killed Ijyb
  1359 | D:3      | Noticed Robin
  1373 | D:3      | Killed Robin
  1419 | D:3      | Noticed Natasha
  1422 | D:3      | Killed Natasha
  1515 | D:3      | Found a burning altar of Makhleb.
  1526 | D:3      | Reached XP level 7. HP: 50/52 MP: 7/7
  1713 | D:3      | Reached skill level 7 in Axes
  1879 | D:3      | Noticed Natasha
  1887 | D:3      | Killed Natasha
  2336 | D:4      | Reached skill level 8 in Axes
  2566 | D:4      | Reached XP level 8. HP: 20/58 MP: 8/8
  2587 | D:5      | Entered Level 5 of the Dungeon
  2642 | D:5      | Found a bloodstained altar of Trog.
  2725 | D:5      | Noticed Eustachio
  2736 | D:5      | Reached skill level 9 in Axes
  2740 | D:5      | Killed Eustachio
  3207 | D:5      | Reached skill level 10 in Axes
  3623 | D:6      | Reached XP level 9. HP: 64/64 MP: 9/9
  3663 | D:6      | Found a staircase to the Ecumenical Temple.
  3718 | Temple   | Entered the Ecumenical Temple
  4253 | D:6      | Reached skill level 11 in Axes
  4589 | D:7      | Found an iron altar of Okawaru.
  4705 | D:7      | Noticed Joseph
  4710 | D:7      | Gained mutation: You have very sharp teeth. [potion of mutation]
  4710 | D:7      | Gained mutation: You have a somewhat thin skeletal structure. (Dex +2, Stealth) [potion of mutation]
  4737 | D:7      | Killed Joseph
  4737 | D:7      | Reached skill level 12 in Axes
  5228 | D:8      | Reached XP level 10. HP: 48/70 MP: 10/10
  5295 | D:7      | Became a worshipper of Warmaster Okawaru
  5348 | D:8      | Found a white marble altar of Elyvilon.
  5409 | D:8      | Reached skill level 13 in Axes
  5553 | D:8      | Reached skill level 1 in Invocations
  5656 | D:8      | Noticed a two-headed ogre
  5784 | D:8      | Found a staircase to the Lair.
  5785 | D:8      | Noticed an elephant
  5793 | D:8      | Killed an elephant
  5793 | D:8      | Reached * piety under Okawaru
  5996 | D:8      | Killed a two-headed ogre
  5996 | D:8      | Reached ** piety under Okawaru
  5996 | D:8      | Reached skill level 5 in Invocations
  6161 | D:9      | Reached skill level 1 in Crossbows
  6237 | D:9      | Reached *** piety under Okawaru
  6237 | D:9      | Reached skill level 14 in Axes
  6237 | D:9      | Reached XP level 11. HP: 73/75 MP: 15/15
  6326 | D:9      | Noticed a two-headed ogre
  6338 | D:9      | Killed a two-headed ogre
  6338 | D:9      | Reached **** piety under Okawaru
  6338 | D:9      | Received a gift from Okawaru
  6338 | D:9      | Reached skill level 5 in Crossbows
  6556 | D:9      | Identified a scroll of acquirement
  6557 | D:9      | Got a translucent tin ring
  6558 | D:9      | Identified the ring of Utteox {+Blink rN+ MR+ Str-3 Dex+3} (You acquired it on level 9 of the Dungeon)
  6771 | D:9      | Reached ***** piety under Okawaru
  6823 | D:9      | Found a hide-covered altar of Uskayaw.
  6825 | D:9      | Noticed Messajah's ghost (novice CeHu)
  6841 | D:9      | Killed Messajah's ghost
  6893 | D:9      | Reached skill level 15 in Axes
  7164 | Lair:1   | Entered Level 1 of the Lair of Beasts
  7249 | Lair:1   | Reached XP level 12. HP: 40/81 MP: 14/16
  7259 | Lair:1   | Found a frozen archway.
  7322 | IceCv    | Entered an ice cave
  7331 | IceCv    | Received a gift from Okawaru
  7416 | IceCv    | Received a gift from Okawaru
  7422 | IceCv    | Got a steaming battleaxe {god gift}
  7423 | IceCv    | Identified the +5 battleaxe "Tauhewky" {drain, +Rage Str-3 Int+4 Dex+4} (Okawaru gifted it to you in an ice cave)
  7594 | IceCv    | Killed from afar by an ice statue

Vault maps used:
D:1:      grunt_arrival_lava_bath, lemuel_another_geyser
D:2:      minmay_misc_feat_encased, uniq_sigmund, uniq_crazy_yiuf_cottage
D:3:      old_standard_altar, st_stairs_8, uniq_iyjb, uniq_natasha, uniq_robin
D:4:      first_bread
D:5:      cheibrodos_thug_alley, trog_three_pillars_becter, uniq_eustachio
D:6:      minmay_temple_entry_trees
D:7:      marbit_many_paths, uniq_joseph
D:8:      david_lair_generic, elyvilon_altar_5
D:9:      eat_drink_and_be_merry_uskayaw, david_nohive_1, nrook_mini_vaults
Temple:   compressed_dpeg_circular_temple
Lair:1:   portal_ice_cave_entry_pillars_1, grunt_megastairs_2
IceCv:    ice_cave_small_giant

Skill      XL: |  1  2  3  4  5  6  7  8  9 10 11 12 |
---------------+-------------------------------------+-----
Axes           | 3 5 6 8 10 12 14 15 | 15.5
Invocations    | 6 |  6.0
Crossbows      | 2 7 8 |  8.2
Fighting       | |  3.2
Armour         | |  3.2
Shields        | |  3.6

Action                   |  1- 3 |  4- 6 |  7- 9 | 10-12 || total
-------------------------+-------+-------+-------+-------++-------
Melee: War axe           |    62 |   100 |   417 |   529 ||  1108
       Bite              |       |       |     9 |    82 ||    91
       Battleaxe         |       |       |       |    24 ||    24
 Fire: Hand crossbow     |       |       |       |     9 ||     9
Invok: Heroism           |       |       |       |     6 ||     6
       Finesse           |       |       |       |     1 ||     1
 Abil: Dig               |       |       |       |     1 ||     1
Evoke: Wand              |       |       |       |    25 ||    25
  Use: Potion            |     1 |     4 |     8 |     3 ||    16
       Scroll            |       |       |       |    14 ||    14
 Stab: Paralysed         |       |       |       |     3 ||     3
  Eat: Chunk             |       |     2 |    12 |     9 ||    23
Armor: Scale mail        |    45 |    61 |    77 |       ||   183
       Chain mail        |       |       |    85 |   211 ||   296
       Skin              |       |       |    12 |       ||    12
Dodge: Dodged            |    24 |    51 |   111 |   115 ||   301
Block: Shield            |    45 |    65 |   176 |   251 ||   537
